 Dungeon Crawl Stone Soup version 0.27-a0-498-g7ecbb0a48f (webtiles) character file.

Game seed: 12184234885026797820

107 siradein the Cutter (level 4, -6/36 HPs)
             Began as a Draconian Brigand on Mar 2, 2021.
             Mangled by an ogre
             ... wielding a +0 giant club
              (11 damage)
             ... on level 4 of the Dungeon.
             The game lasted 00:06:34 (3861 turns).

siradein the Cutter (Draconian Brigand)             Turns: 3861, Time: 00:06:34

Health: -6/36      AC:  6    Str: 14    XL:     4   Next: 56%
Magic:  4/4        EV: 11    Int: 11    God:
Gold:   167        SH:  3    Dex: 13    Spells: 3/3 levels left

rFire    . . .     SeeInvis +   a - +2 dagger
rCold    . . .     Faith    .   v - +0 buckler
rNeg     + . .     Spirit   .   (armour unavailable)
rPois    .         Reflect  .   (helmet restricted)
rElec    .         Harm     .   b - +0 cloak
rCorr    .         Rampage  .   (no gloves)
Will     .....                  (no boots)
Stlth    ++........             (no amulet)
HPRegen  0.12/turn              q - ring of see invisible
MPRegen  0.09/turn              z - ring of positive energy

@: no status effects
A: unfitting armour, cold-blooded, AC +5
a: no special abilities


You were on level 4 of the Dungeon.
You visited 1 branch of the dungeon, and saw 4 of its levels.

You collected 167 gold pieces.

Inventory:

Hand Weapons
 a - a +2 dagger (weapon)
 m - a +0 hunting sling
Missiles
 c - 19 poisoned darts (quivered)
 d - 2 curare-tipped darts
 g - 111 stones
 u - 27 sling bullets
Armour
 b - a +0 cloak (worn)
 v - a +0 buckler (worn)
Jewellery
 p - an amulet of magic regeneration
 q - a ring of see invisible (left hand)
 z - a ring of positive energy (right hand)
Scrolls
 h - 2 scrolls of teleportation {unknown}
 i - 4 scrolls of identify {unknown}
 j - a scroll of magic mapping {unknown}
 k - 2 scrolls of enchant weapon {unknown}
 o - a scroll of fog {unknown}
 t - a scroll of amnesia {unknown}
 x - a scroll of blinking {unknown}
 y - a scroll of enchant armour {unknown}
Potions
 e - a potion of flight {unknown}
 f - a potion of lignification {unknown}
 l - a potion of berserk rage {unknown}
 n - a potion of curing {unknown}
 r - a potion of ambrosia {unknown}
 s - 3 potions of heal wounds {unknown}
 w - a potion of degeneration {unknown}


   Skills:
 - Level 2.1 Fighting
 + Level 3.7 Short Blades
 + Level 3.3 Throwing
 - Level 0.8 Dodging
 - Level 3.6 Stealth


You had 3 spell levels left.
You didn't know any spells.
Your spell library was empty.

Dungeon Overview and Level Annotations

Branches:
Dungeon (4/15)
 Temple: D:4-7

Altars:
Dithmenos
Gozag
Trog
Uskayaw
Wu Jian


Innate Abilities, Weirdness & Mutations

Your plain brown scales are hard. (AC +5)
You cannot fit into any form of body armour.
You are cold-blooded and may be slowed by cold attacks.


Message History

The ogre misses you.
Throw: 21 darts (poison)
Press: ? - help, Q - select action, (/) - cycle Shift-Dir - straight line, f/p - ogre
Aim: an ogre, wielding a +0 giant club (moderately wounded, 74% to hit)
You throw a poisoned dart. The poisoned dart hits the ogre!
The ogre is poisoned.
The ogre is moderately wounded.
The ogre looks more healthy.
There is a stone staircase leading up, spattered with blood here.
The ogre hits you with a +0 giant club!
You closely miss the ogre.
The ogre is heavily wounded.
You barely miss the ogre.
Your tail-slap misses the ogre.
The ogre is heavily wounded.
The ogre barely misses you.
You hit the ogre.
The ogre is severely wounded.
The ogre closely misses you.
You barely miss the ogre.
The ogre is severely wounded.
The ogre hits you with a +0 giant club!
* * * LOW HITPOINT WARNING * * *
The adder hisses angrily.
You hit the ogre but do no damage.
The ogre is severely wounded.
You hit the ogre.
The ogre is severely wounded.
The ogre closely misses you.
You hit the ogre but do no damage.
The ogre is severely wounded.
The ogre hits you with a +0 giant club.
* * * LOW HITPOINT WARNING * * *
Throw: 20 darts (poison)
Press: ? - help, Q - select action, (/) - cycle Shift-Dir - straight line, f/p - ogre
Aim: an ogre, wielding a +0 giant club (severely wounded, 74% to hit)
You throw a poisoned dart. The poisoned dart hits the ogre!
The ogre is poisoned.
The ogre is severely wounded.
The ogre hits you with a +0 giant club!
You die...

# ### .###. ..#
#....#########.#
...............#
#.(.......# #
#.#######.####.#
#@# #..../.#
...####O#
#......###
#......S#
#.........
##.####.#
#.######## #.#
#<# #.#######.#
#....(....#
#####.#.###
#.#.#


You could see an ogre (poisoned) and an adder.

Vanquished Creatures
  4 adders
  A white imp (D:2)
  An ooze (D:1)
  5 dart slugs
  2 leopard geckos (D:2)
  2 ball pythons
  5 bats
  2 giant cockroaches
  4 goblins
  4 hobgoblins
  8 kobolds
  4 quokkas
  2 frilled lizards (D:3)
  5 rats
49 creatures vanquished.

Notes
Turn   | Place    | Note
-------+----------+-------------------------------------------
     0 | D:1      | siradein the Draconian Brigand began the quest for the Orb.
     0 | D:1      | Reached XP level 1. HP: 17/17 MP: 1/1
   232 | D:1      | Reached XP level 2. HP: 24/24 MP: 2/2
  1095 | D:1      | Reached XP level 3. HP: 22/29 MP: 3/3
  1433 | D:2      | Found an ornate altar of the Wu Jian Council.
  1619 | D:2      | Found a bloodstained altar of Trog.
  2318 | D:2      | Reached XP level 4. HP: 36/36 MP: 4/4
  2749 | D:2      | Found an opulent altar of Gozag.
  3058 | D:3      | Found a shadowy altar of Dithmenos.
  3128 | D:3      | Found a hide-covered altar of Uskayaw.
  3133 | D:3      | Found a shadowy altar of Dithmenos.
  3794 | D:4      | Noticed an ogre
  3861 | D:4      | Mangled by an ogre

Illustrated notes

Levels and vault maps discovered:
D:1:      evilmike_arrival_rings, layout_basic, amcnicky_mini_corridor_feature
D:2:      layout_loops_corners, old_standard_altar, marbit_many_paths,
          nicolae_overflow_hidden_temple
D:3:      layout_rooms, general_overflow_altar, overflow_temple_1_default,
          serial_rivers, chequers_serial_rivers_small_b,
          chequers_serial_rivers_room_a, chequers_serial_rivers_large_b,
          chequers_serial_rivers_micro_c, chequers_serial_rivers_micro_e,
          chequers_serial_rivers_micro_c, kennysheep_cross_bottleneck,
          nicolae_dithmenos_through_a_glass_darkly
D:4:      layout_loops_ring, makhleb_grotto_becter, minmay_manual_maat

Skill      XL: |  1  2  3 |
---------------+----------+-----
Throwing       | 2 3 |  3.3
Short Blades   | 3 |  3.7
Fighting       | |  2.1
Dodging        | |  0.8
Stealth        | |  3.6

Action                   |  1- 3 |  4- 6 || total
-------------------------+-------+-------++-------
Melee: Dagger            |    32 |    47 ||    79
       Tailslap          |     2 |     4 ||     6
 Fire: Hunting sling     |    91 |    10 ||   101
Throw: Dart              |       |     4 ||     4
 Stab: Sleeping          |     3 |     2 ||     5
Armor: Skin              |    21 |    11 ||    32
Dodge: Dodged            |    24 |    27 ||    51
Block: Buckler           |       |     3 ||     3

Table legend: (Time is in decaauts)
 A = Elapsed time spent in this place.
 B = Non-inter-level travel time spent in this place.
 C = Inter-level travel time spent in this place.
 D = Time resting spent in this place.
 E = Time spent auto-exploring this place.
 F = Levels seen in this place.
 G = Mean time per level.
                   A        B        C        D        E       F      G
               +--------+--------+--------+--------+--------+-----+--------+
         Total |   3890 |   3753 |    137 |      0 |   3232 |   4 |  972.5 |
       Dungeon |   3890 |   3753 |    137 |      0 |   3232 |   4 |  972.5 |
               +--------+--------+--------+--------+--------+-----+--------+

Top non-repeatable levels by time:
     D:2: 1678 daAuts
     D:1: 1292 daAuts
     D:3: 854 daAuts
     D:4: 65 daAuts
